Map: World of Sleepers LE

Players

ITACHI

  • Race: Zerg Zerg
  • League: Diamond
  • Spawn Location: 1:00

ViBE - Winner!

  • Race: Terran Terran
  • League: Diamond
  • Spawn Location: 7:00

VOD

Have the link to the VOD?

Description

Time

  • Played on: Dec. 23, 2019, 12:46 a.m.
  • Length: 7:05
Show
View Real Time Build Order
Export as new Build Order

ITACHI Zerg 

Build Orders: Hatch First 

Get SALT Encoding   

  12  0:01  Drone  
  13  0:13  Overlord  
  13  0:17  Drone  
  14  0:31  Drone  
  14  0:32  Drone  
  14  0:35  Drone  
  17  0:51  Hatchery  
  17  0:54  Drone  
  17  0:57  Drone  
  18  1:08  Extractor  
  17  1:13  Spawning Pool  
  17  1:15  Drone  
  17  1:20  Drone  
  18  1:29  Drone  
  19  1:39  Overlord  
  19  1:50  Drone  
  21  2:01  Zergling x2, Queen  
  21  2:04  Zergling x2, Queen  
  21  2:08  Metabolic Boost  
  26  2:23  Hatchery  
  26  2:26  Drone  
  26  2:27  Drone  
  27  2:39  Drone x3  
  27  2:41  Drone  
  31  2:44  Drone  
  32  2:54  Drone  
  32  2:57  Drone  
  34  3:08  Drone x2  
  36  3:12  Overlord  
  36  3:13  Overlord  
  35  3:28  Drone  
  35  3:30  Pneumatized Carapace  
  35  3:31  Baneling Nest  
  35  3:32  Drone x2  
  35  3:33  Drone x2  
  38  3:37  Drone  
  39  3:44  Drone x2  
  41  3:50  Queen  
  43  3:56  Drone x6  
  43  3:57  Drone x2  
  43  3:58  Queen  
  53  4:05  Zergling x2  
  53  4:06  Zergling x2  
  53  4:08  Zergling x4  
  57  4:10  Drone  
  58  4:22  Lair  
  58  4:24  Overlord x2  
  58  4:48  Drone x6  
  58  4:49  Drone x3  
  55  5:04  Drone x2  
  55  5:05  Drone x6  
  63  5:07  Extractor  
  63  5:09  Zergling x2, Extractor  
  63  5:12  Extractor  
  63  5:13  Queen  
  63  5:14  Extractor  
  62  5:15  Extractor  
  61  5:29  Drone  
  61  5:30  Spire, Drone x5  
  66  5:42  Overlord x4  
  66  5:52  Hatchery  
  63  6:04  Zergling x2  
  63  6:05  Zergling x8  
  63  6:09  Zergling x6  
  62  6:21  Zergling x6  
Show
View Real Time Build Order
Export as new Build Order

ViBE Terran - Winner!

Build Orders: 2 Factory, Reaper Expand 

Get SALT Encoding   

  12  0:09  SCV  
  13  0:16  Supply Depot  
  13  0:21  SCV  
  14  0:33  SCV  
  15  0:40  Barracks  
  15  0:42  Refinery  
  15  0:45  SCV  
  16  0:58  SCV  
  17  1:10  SCV  
  18  1:27  Orbital Command  
  18  1:42  Command Center  
  18  1:49  Reaper  
  18  1:54  SCV  
  20  2:05  Factory  
  20  2:11  Supply Depot  
  20  2:14  SCV  
  21  2:16  Refinery  
  21  2:23  Barracks Reactor  
  21  2:29  SCV  
  22  2:41  SCV  
  23  2:53  SCV  
  23  2:55  Supply Depot, Orbital Command  
  24  3:05  SCV  
  25  3:07  Hellion x2  
  29  3:15  Factory  
  29  3:20  SCV  
  29  3:21  SCV  
  29  3:23  Barracks Tech Lab  
  31  3:31  Hellion  
  31  3:33  SCV  
  34  3:37  Hellion  
  34  3:40  SCV  
  37  3:48  Supply Depot  
  37  3:50  SCV  
  37  3:52  SCV  
  39  4:02  SCV  
  40  4:04  SCV, Cyclone  
  40  4:05  Infernal Pre-Igniter  
  40  4:06  Hellion  
  46  4:11  Supply Depot  
  46  4:16  Hellion  
  48  4:17  SCV x2  
  50  4:26  Factory  
  50  4:32  SCV x2  
  50  4:35  Barracks Tech Lab  
  50  4:36  Supply Depot  
  52  4:44  SCV x2  
  54  4:56  SCV x2  
  51  5:00  Cyclone  
  51  5:01  Hellion x2  
  58  5:08  Supply Depot, Command Center  
  56  5:18  Armory x2  
  56  5:25  SCV x2  
  56  5:26  Refinery  
  56  5:27  Refinery  
  58  5:29  Cyclone  
  58  5:30  Hellion  
  58  5:31  Hellion  
  58  5:32  Cyclone  
  68  5:38  Supply Depot  
  68  5:44  SCV x2  
  70  5:53  Supply Depot x2  
  72  5:57  Hellion x2  
  72  6:10  Cyclone  
  72  6:11  Cyclone  
  78  6:21  Hellion  
  78  6:22  Hellion  
  82  6:31  SCV x2  
  85  6:34  Orbital Command  
Tags
 
Add a new tag
Caveats
  • Supply blocks, unpowered buildings, or Contaminate may cause inaccurate times.
  • Supply counts are checked every 10 seconds.